AoeStats
← PacoelJusto

Pilgrims

510044402Analyzed
4v4 RM · 3d ago on Sep 29, 2026· 46m 43s· 8 players
Game mode
Random Map
Map size
Large (8 player)
Population
200
Speed
Normal
Resources
Standard
Victory
Conquest
Starting age
Dark Age
Ending age
Imperial Age
RankedLock teamsTeams togetherTeam positionsShared explorationLock speedFull tech treeHidden civsTurbo modeCheats
Victory
Defeat
🇦🇺 Portuguese · Australia
1211
+11
🇨🇳 Armenians · China
1206
+11
🇨🇳 Dravidians · China
1177
+12
🇦🇷 Huns · Argentina
1055
+18
🇹🇷 Byzantines · Türkiye
1112
-13
1102
-13
🇨🇱 Danes · Chile
1097
-13
🇲🇽 Berbers · Mexico
1084
-13
Finn The Human
12:40 Feudal Age
13:45 Double-Bit Axe
15:23 Wheelbarrow
17:38 Castle Age
15:23 Fishing Lines
18:43 Fletching
19:13 Medium Warships
19:34 Bow Saw
19:46 Gillnets
26:04 Hand Cart
33:02 Imperial Age
31:44 Elite Skirmisher
32:23 Bodkin Arrow
32:28 Padded Archer Armor
33:03 Thumb Ring
33:49 Bracer
34:53 Chemistry
34:53 Stone Mining
35:45 Leather Archer Armor
PacoelJusto
6:36 Loom
12:49 Feudal Age
13:49 Arson
14:18 Double-Bit Axe
14:06 Man-at-Arms
21:21 Castle Age
19:26 Fishing Lines
21:06 Forging
20:59 Gold Mining
21:03 Stone Mining
21:35 Scale Barding Armor
22:49 Bow Saw
23:19 Gold Shaft Mining
23:22 Iron Casting
23:58 Bloodlines
23:50 Husbandry
26:10 Wheelbarrow
26:36 Fletching
27:21 Bodkin Arrow
27:23 Town Watch
28:32 Padded Archer Armor
29:43 Leather Archer Armor
35:06 Gillnets
39:12 Imperial Age
36:59 Hand Cart
41:19 Chemistry
40:40 Ballistics
40:27 Heavy Camel Rider
44:19 Chain Barding Armor
Chelowolf
5:13 Loom
13:06 Feudal Age
17:49 Double-Bit Axe
20:32 Castle Age
20:45 Arson
25:15 Scale Mail Armor
25:27 Squires
26:54 Forging
26:57 Horse Collar
27:30 Gambesons
27:29 Hamask
29:22 Iron Casting
这游戏有人类队友吗
12:33 Feudal Age
18:18 Castle Age
17:00 Loom
20:06 Crossbowman
20:52 Thumb Ring
20:50 Fletching
23:12 Bodkin Arrow
24:39 Padded Archer Armor
26:46 Leather Archer Armor
27:05 Gold Mining
28:21 Stone Mining
29:51 Stone Shaft Mining
32:37 Double-Bit Axe
32:32 Horse Collar
34:17 Bow Saw
34:08 Heavy Plow
39:25 Imperial Age
37:31 Wheelbarrow
39:59 Hand Cart
41:03 Bracer
42:25 Two-Man Saw
41:56 Crop Rotation
42:40 Conscription
43:12 Ring Archer Armor
42:36 Elite Genoese Crossbowman
43:50 Ring Archer Armor
45:34 Bloodlines
45:24 Husbandry
44:58 Light Cavalry
46:53 Scale Barding Armor
不知天上水
13:44 Feudal Age
18:26 Castle Age
16:26 Fishing Lines
16:35 Double-Bit Axe
18:43 Gold Mining
19:59 Bow Saw
21:21 Wheelbarrow
20:42 Gillnets
24:23 Hand Cart
24:07 Fletching
25:37 Thumb Ring
25:28 Bodkin Arrow
25:34 Padded Archer Armor
26:17 Ballistics
29:12 Imperial Age
27:08 Leather Archer Armor
27:32 Horse Collar
30:55 Chemistry
30:33 Heavy Plow
32:13 Two-Man Saw
31:33 Stone Mining
32:19 Elite Elephant Archer
34:32 Bracer
35:02 Ring Archer Armor
36:53 Scale Barding Armor
36:59 Forging
37:16 Husbandry
37:43 Town Watch
37:43 Loom
38:46 Chain Barding Armor
39:02 Iron Casting
40:36 Iron Casting
40:48 Medical Corps
41:04 Conscription
42:30 Blast Furnace
43:48 Siege Elephant
46:49 Wootz Steel
w4br9u364q6
7:26 Loom
13:10 Feudal Age
13:51 Double-Bit Axe
14:06 Gold Mining
15:33 Fishing Lines
15:40 Horse Collar
17:07 Wheelbarrow
17:07 Stone Mining
22:59 Castle Age
23:52 Gillnets
24:25 Hand Cart
25:10 Gold Shaft Mining
26:26 Heavy Plow
26:06 Demolition Ship
28:45 Bow Saw
28:50 Caravan
29:21 Coinage
29:45 Medium Warships
29:51 Town Watch
30:30 Fletching
30:41 Padded Archer Armor
32:37 Town Patrol
36:04 Thumb Ring
35:31 Elite Skirmisher
39:09 Imperial Age
37:05 Crossbowman
39:53 Scale Barding Armor
40:03 Leather Archer Armor
39:44 Bodkin Arrow
40:14 Ballistics
40:55 Chemistry
39:51 Murder Holes
40:07 Masonry
40:43 Conscription
41:16 Parthian Tactics
42:37 Clinker Construction
42:30 Bracer
42:51 Chain Barding Armor
42:36 Husbandry
42:46 Bloodlines
42:56 Bloodlines
43:21 Heavy Cavalry Archer
44:54 Plate Barding Armor
46:01 Forging
drain man
10:23 Feudal Age
11:44 Double-Bit Axe
16:04 Fletching
22:51 Castle Age
23:46 Medium Warships
23:42 Bodkin Arrow
26:20 Bow Saw
30:08 Ballistics
31:11 Gold Mining
31:26 Stone Mining
31:37 Loom
33:08 Horse Collar
35:59 Wheelbarrow
37:24 Town Watch
39:53 Hand Cart
41:35 Town Patrol
42:55 Clinker Construction
47:22 Imperial Age
44:59 Town Patrol
46:07 Heavy Plow
老k
11:23 Feudal Age
15:17 Castle Age
15:28 Fletching
15:27 Double-Bit Axe
17:09 Horse Collar
18:10 Loom
21:05 Padded Archer Armor
24:24 Bodkin Arrow
24:47 Leather Archer Armor
25:09 Heavy Plow
28:23 Ballistics
30:11 Bow Saw
32:37 Imperial Age
30:44 Wheelbarrow
30:54 Gold Mining
30:54 Stone Mining
32:29 Masonry
32:01 Treadmill Crane
32:20 Murder Holes
33:20 Bracer
34:23 Chemistry
33:54 Ring Archer Armor
34:14 Gold Shaft Mining
34:53 Conscription
34:41 Stone Mining
35:07 Hand Cart
34:37 Town Watch
35:32 Elite Composite Bowman
38:29 Hoardings
38:00 Fereters
38:18 Scale Mail Armor
38:28 Forging
39:10 Fortified Wall
39:00 Man-at-Arms
39:25 Gambesons
39:40 Squires
39:26 Arson
39:30 Long Swordsman
40:26 Chain Mail Armor
40:47 Iron Casting
40:15 Two-Handed Swordsman
41:28 Champion
46:04 Plate Mail Armor
47:36 Blast Furnace
Connection lost

Rejoining the realm…

Still unreachable

The connection could not be restored.

Session expired

The server has moved on; the page needs a fresh start.